 Dungeon Crawl Stone Soup version 0.29.0-4-gdea44cf6ec (webtiles) character file.

Game seed: 10240033475847218747

211 qw the Chopper (level 5, -1/30 HPs)
             Began as a Tengu Warper on Aug 28, 2022.
             Slain by an iguana (10 damage)
             ... on level 5 of the Dungeon.
             The game lasted 00:00:23 (3615 turns).

qw the Chopper (Tengu Warper)                       Turns: 3615, Time: 00:00:24

Health: -1/30      AC:  7    Str: 13    XL:     5   Next: 88%
Magic:  9/9        EV: 11    Int: 12    God:
Gold:   216        SH:  0    Dex: 13    Spells: 8/8 levels left

rFire   . . .      SeeInvis .   Y - +0 war axe
rCold   + . .      Faith    .   (no shield)
rNeg    + + .      Spirit   .   j - +0 scale mail
rPois   .          Reflect  .   (helmet restricted)
rElec   .          Harm     .   (no cloak)
rCorr   .          Rampage  .   (no gloves)
Will    +....                   (boots unavailable)
Stlth   ..........              (no amulet)
HPRegen 0.10/turn               i - ring "Qag Rohy" {Drain rC+ rN++ Will+}
MPRegen 0.11/turn               (no ring)

@: flying quickly and evasively, quick
A: beak, talons 3, nimble flight, dopey 1, shaggy fur 1
a: no special abilities


You were on level 5 of the Dungeon.
You visited 1 branch of the dungeon, and saw 5 of its levels.

You collected 216 gold pieces.


Innate Abilities, Weirdness & Mutations

You have a beak for a mouth.
You have claws for feet.
Your magical nature lets you fly swiftly and evasively.
You are dopey. (Int -2)
You are covered in fur. (AC +1)


   Skills:
 - Level 2.0 Fighting
 + Level 6.5 Axes
 - Level 1.0 Throwing
 - Level 1.1 Armour
 - Level 2.1 Dodging
 - Level 2.0 Spellcasting
 - Level 2.4 Translocations


You had 8 spell levels left.
You didn't know any spells.
Your spell library contained the following spells:

 Spells                   Type           Power      Damage    Failure   Level
 Blink                    Tloc           12%        N/A       58%         2
 Gell's Gravitas          Tloc           6%         N/A       83%         3
 Lesser Beckoning         Tloc           6%         N/A       83%         3
 Teleport Other           Tloc           6%         N/A       83%         3
 Manifold Assault         Tloc           6%         N/A       100%        5

Inventory:

Hand Weapons
 a - a +0 mace
 Y - a +0 war axe (weapon)
Armour
 j - a +0 scale mail (worn)
Jewellery
 i - the ring "Qag Rohy" (left hand) {Drain rC+ rN++ Will+}
   (You found it on level 2 of the Dungeon)

   [ring of protection from cold]

   rC:        It protects you from cold.
   rN:        It greatly protects you from negative energy.
   Drain:     It drains your maximum health when unequipped.
   Will:      It increases your willpower.
Potions
 b - a potion of attraction {unknown}
 c - a potion of heal wounds
 d - a potion of haste {unknown}
 e - a potion of resistance {unknown}
 f - 3 potions of might
 h - a potion of mutation
 k - a potion of brilliance {unknown}

Dungeon Overview and Level Annotations

Branches:
Dungeon (5/15)
 Temple: D:4-7

Altars:
Sif Muna
Zin

Shops:
D:2 :


Message History

(D) Dungeon
Where to? (* - list waypoints, Enter - D:5, ? - help)
What level of the Dungeon? (default 1, ? - help)
You fly downwards.
The iguana bites you! The hound bites you but does no damage.
The iguana closely misses you.
There is a stone staircase leading up here.
You closely miss the iguana. Your kick misses the iguana.
Your peck misses the iguana. You hit the hound.
The hound bites you but does no damage. x2; The iguana barely misses you.
You closely miss the hound. Your kick misses the hound.
You peck the hound, but do no damage.
The hound is moderately wounded.
You barely miss the iguana. The hound barely misses you.
The iguana barely misses you.
You closely miss the hound. You claw the hound, but do no damage.
The hound is moderately wounded.
You closely miss the iguana.
The hound barely misses you. x2; The iguana barely misses you.
You closely miss the hound.
The hound is moderately wounded.
You hit the iguana. The hound barely misses you. The iguana bites you!
The hound completely misses you.
You barely miss the iguana. You claw the iguana, but do no damage.
The iguana is moderately wounded.
You hit the hound but do no damage. The hound closely misses you.
The iguana bites you. The hound bites you.
3613 ||| DRINKING 2 potions of heal wounds.
You feel much better. The iguana misses you. The hound barely misses you.
You barely miss the iguana. You claw the iguana.
The iguana is heavily wounded.
You completely miss the hound. The hound bites you. The iguana bites you!
The hound closely misses you. The iguana bites you!
You barely miss the iguana.
The iguana is heavily wounded.
You closely miss the hound. The hound bites you but does no damage.
The iguana bites you!
You die...

.### ... .
..# .. ##..
...#...
.......## #
#...h#.##..#
#..l@......#
####....)###
####...# .##
.# .. .


You could see an iguana and a hound.

Vanquished Creatures
  A jelly (D:4)
  A hound (D:4)
  7 adders
  A shadow imp (D:4)
  A worm (D:2)
  6 dart slugs
  3 orcs (D:4)
  3 ball pythons (D:1)
  5 endoplasms
  4 giant cockroaches
  9 goblins
  7 hobgoblins
  4 quokkas
  3 bats (D:2)
  A frilled lizard (D:3)
  4 kobolds
  6 rats
66 creatures vanquished.

Notes
Turn   | Place    | Note
-------+----------+-------------------------------------------
     0 | D:1      | qw the Tengu Warper began the quest for the Orb.
     0 | D:1      | Reached XP level 1. HP: 12/12 MP: 4/4
     0 | D:1      | 0 ||| qw: Version: 0.1-a-89-g26bdef1
     0 | D:1      | 0 ||| qw: Game counter: 2917
     0 | D:1      | 0 ||| qw: Always use a shield: true
     0 | D:1      | 0 ||| qw: God list: Okawaru
     0 | D:1      | 0 ||| qw: Allow faded altars: false
     0 | D:1      | 0 ||| qw: Do Orc after D:15 true
     0 | D:1      | 0 ||| qw: Do second Lair branch before Depths: true
     0 | D:1      | 0 ||| qw: Lair rune preference: random
     0 | D:1      | 0 ||| qw: Plans: Normal
     0 | D:1      | 0 ||| PLANNING D:1-11
    91 | D:1      | Reached skill level 3 in Axes
    91 | D:1      | Reached XP level 2. HP: 17/17 MP: 6/6
   162 | D:1      | 162 ||| Stepping ~*~*~tactically~*~*~ (stealth).
   164 | D:1      | 164 ||| Stepping ~*~*~tactically~*~*~ (stealth).
   173 | D:1      | 173 ||| Stepping ~*~*~tactically~*~*~ (stealth).
   259 | D:1      | 259 ||| Stepping ~*~*~tactically~*~*~ (stealth).
   260 | D:1      | 260 ||| Stepping ~*~*~tactically~*~*~ (stealth).
   312 | D:1      | 312 ||| Stepping ~*~*~tactically~*~*~ (stealth).
   615 | D:1      | Reached XP level 3. HP: 21/21 MP: 7/7
   658 | D:1      | 658 ||| Stepping ~*~*~tactically~*~*~ (stealth).
   659 | D:1      | 659 ||| Stepping ~*~*~tactically~*~*~ (stealth).
   667 | D:1      | 667 ||| Stepping ~*~*~tactically~*~*~ (stealth).
   772 | D:1      | 772 ||| Stepping ~*~*~tactically~*~*~ (stealth).
   931 | D:1      | Reached skill level 4 in Axes
   962 | D:1      | 962 ||| READING scroll labelled KOKKOQEZIR.
   963 | D:1      | 963 ||| READING scroll labelled OLEEHES OPEH.
   964 | D:1      | 964 ||| READING scroll labelled UNICOM BODA.
   965 | D:1      | 965 ||| DRINKING 2 fuming white potions.
   966 | D:1      | 966 ||| DRINKING 2 sedimented green potions.
   966 | D:1      | Gained mutation: You are covered in fur. (AC +1) [potion of
                  | mutation]
   966 | D:1      | Gained mutation: You are dopey. (Int -2) [potion of
                  | mutation]
   967 | D:1      | 967 ||| DROPPING scroll of blinking.
   970 | D:2      | You fall into a shaft and drop 1 floor!
   970 | D:3      | Found a faded altar of an unknown god.
  1055 | D:2      | 1055 ||| Stepping ~*~*~tactically~*~*~ (stealth).
  1057 | D:2      | 1057 ||| Stepping ~*~*~tactically~*~*~ (stealth).
  1187 | D:2      | Reached XP level 4. HP: 26/26 MP: 8/8
  1366 | D:2      | Found Cereson's Book Shop.
  1467 | D:2      | 1467 ||| Stepping ~*~*~tactically~*~*~ (stealth).
  1468 | D:2      | 1468 ||| Stepping ~*~*~tactically~*~*~ (stealth).
  1470 | D:2      | 1470 ||| Stepping ~*~*~tactically~*~*~ (stealth).
  1480 | D:2      | Identified the ring "Qag Rohy" {Drain rC+ rN++ Will+}
  1505 | D:2      | Reached skill level 5 in Axes
  1649 | D:2      | 1649 ||| UPGRADING to +0 scale mail.
  1659 | D:2      | 1659 ||| DROPPING +0 leather armour.
  1660 | D:2      | 1660 ||| UPGRADING to ring "Qag Rohy" {Drain rC+ rN++
                  | Will+}.
  1661 | D:2      | 1661 ||| READING scroll labelled USTARH DILEJ.
  1664 | D:2      | 1664 ||| READING scroll labelled LELOAG BACZURPH.
  1721 | D:2      | 1721 ||| Stepping randomly (stuck).
  2103 | D:2      | 2103 ||| Stepping randomly (stuck).
  2119 | D:3      | 2119 ||| STAIRDANCE
  2234 | D:3      | 2234 ||| DROPPING +0 club.
  2309 | D:3      | 2309 ||| Stepping ~*~*~tactically~*~*~ (stealth).
  2424 | D:3      | Found a shimmering blue altar of Sif Muna.
  2457 | D:3      | Found a glowing silver altar of Zin.
  2502 | D:3      | Gained mutation: Your magical nature lets you fly swiftly
                  | and evasively. [Tengu growth]
  2502 | D:3      | Reached XP level 5. HP: 30/30 MP: 9/9
  2778 | D:3      | 2778 ||| READING scroll labelled FAYPEASKUMEC.
  2779 | D:3      | 2779 ||| READING scroll labelled JOIPTI DIPO.
  2780 | D:3      | 2780 ||| DRINKING 2 bubbling inky potions.
  2927 | D:4      | 2927 ||| Stepping ~*~*~tactically~*~*~ (stealth).
  2976 | D:4      | Reached skill level 6 in Axes
  3030 | D:4      | 3030 ||| Stepping ~*~*~tactically~*~*~ (stealth).
  3031 | D:4      | 3031 ||| Stepping ~*~*~tactically~*~*~ (stealth).
  3033 | D:4      | 3033 ||| Stepping ~*~*~tactically~*~*~ (stealth).
  3034 | D:4      | 3034 ||| Stepping ~*~*~tactically~*~*~ (stealth).
  3385 | D:4      | 3385 ||| Stepping ~*~*~tactically~*~*~ (hiding).
  3386 | D:4      | 3386 ||| SWAPPING to +0 war axe.
  3494 | D:4      | 3494 ||| DROPPING +1 hand axe.
  3579 | D:4      | 3579 ||| READING scroll labelled AZAQOCIFEN.
  3594 | D:5      | Entered Level 5 of the Dungeon
  3595 | D:5      | 3595 ||| STAIRDANCE
  3602 | D:5      | 3602 ||| STAIRDANCE
  3612 | D:5      | HP: 5/30 [hound (5)]
  3613 | D:5      | 3613 ||| DRINKING 2 potions of heal wounds.
  3615 | D:5      | Slain by an iguana

Levels and vault maps discovered:
D:1:      dpeg_arrival_connections, layout_loops_ring
D:2:      layout_rooms, serial_shops, nicolae_shop_advertising_works
          [nicolae_subvault_shop_adworks]
D:3:      layout_basic, nicolae_overflow_squiral,
          chequers_ecumenical_altar_simple
D:4:      layout_rooms, serial_rivers, chequers_serial_rivers_small_3,
          chequers_serial_rivers_micro_b, chequers_serial_rivers_marsh,
          chequers_serial_rivers_room_a, chequers_serial_rivers_large_b,
          hangedman_decor_points
D:5:      cheibrodos_quashed, layout_cave_pools,
          mainiacjoe_overflow_cross_hatched,
          hangedman_abyss_or_decor_lesser_grid, minivault_27, minmay_small_thing

Skill      XL: |  1  2  3  4  5 |
---------------+----------------+-----
Axes           | 3 4 5 6 |  6.5
Fighting       | |  2.0
Throwing       | |  1.0
Armour         | |  1.1
Dodging        | |  2.1
Spellcasting   | |  2.0
Translocations | |  2.4

Action                   |  1- 3 |  4- 6 || total
-------------------------+-------+-------++-------
Melee: Hand axe          |    69 |    82 ||   151
       Kick              |    14 |    23 ||    37
       Peck              |     7 |    21 ||    28
       War axe           |       |    15 ||    15
Throw: Boomerang         |     7 |       ||     7
  Use: Scroll            |     3 |     5 ||     8
       Potion            |     2 |     2 ||     4
 Stab: Sleeping          |     1 |       ||     1
Armor: Leather armour    |    17 |     4 ||    21
       Scale mail        |       |    25 ||    25
Dodge: Dodged            |    30 |    51 ||    81

Table legend:
 A = Non-vault XP
 B = Vault XP
 C = Vault XP percentage of total XP
 D = Non-vault monster count
 E = Vault monster count
 F = Vault count percentage of total count
                 A         B        C        D         E       F
            +---------+---------+-------+---------+---------+-------
      Total |     302 |       0 |   0.0 |      66 |       0 |   0.0
            +---------+---------+-------+---------+---------+-------
        D:1 |      46 |       0 |   0.0 |      23 |       0 |   0.0
        D:2 |      72 |       0 |   0.0 |      18 |       0 |   0.0
        D:3 |      52 |       0 |   0.0 |      11 |       0 |   0.0
        D:4 |     132 |       0 |   0.0 |      14 |       0 |   0.0
            +---------+---------+-------+---------+---------+-------
